 Dungeon Crawl Stone Soup version 0.30-b1-2-g02819fbbbe (webtiles) character file.

Game seed: 16828007332148063904

336 maniek23 the Skirmisher (level 6, -2/51 HPs)
             Began as a Gnoll Hunter on July 26, 2023.
             Slain by an orc warrior
             ... wielding a +0 war axe
              (11 damage)
             ... on level 3 of the Dungeon.
             The game lasted 00:04:41 (2336 turns).

maniek23 the Skirmisher (Gnoll Hunter)              Turns: 2336, Time: 00:04:42

Health: -2/51      AC:  5    Str: 10    XL:     6   Next: 54%
Magic:  9/9        EV: 14    Int:  9    God:
Gold:   181        SH:  0    Dex: 17    Spells: 9/9 levels left

rFire   . . .        a - +0 shortbow
rCold   . . .        (shield currently unavailable)
rNeg    . . .        c - +0 leather armour
rPois   .            (no helmet)
rElec   .            u - +0 cloak
rCorr   .            f - +0 pair of gloves
SInv    .            (no boots)
Will    .....        (no amulet)
Stlth   ++           (no ring)
HPRegen 0.28/turn    (no ring)
MPRegen 0.11/turn

%: no passive effects
@: no status effects
A: fangs 1, strong nose, distributed training
a: no special abilities


You were on level 3 of the Dungeon.
You visited 1 branch of the dungeon, and saw 4 of its levels.

You collected 181 gold pieces.

Inventory:

Hand Weapons
 a - a +0 shortbow (weapon)
 b - a +1 short sword of venom
 s - a +0 dagger of draining
Armour
 c - a +0 leather armour (worn)
 f - a +0 pair of gloves (worn)
 u - a +0 cloak (worn)
Jewellery
 e - a +6 ring of intelligence
Scrolls
 d - a scroll of fog {unknown}
 g - a scroll of vulnerability {unknown}
 i - a scroll of immolation
 k - a scroll of enchant weapon {unknown}
 l - 2 scrolls of teleportation {unknown}
 n - 2 scrolls of poison {unknown}
 p - a scroll of amnesia {unknown}
 q - a scroll of brand weapon {unknown}
 r - 3 scrolls of identify {unknown}
 x - a scroll of torment {unknown}
Potions
 h - a potion of cancellation {unknown}
 j - 2 potions of curing
 m - a potion of haste {unknown}
 o - a potion of lignification {unknown}
 t - a potion of mutation {unknown}
 v - a potion of attraction {unknown}
 w - a potion of degeneration {unknown}


   Skills:
 + Level 5.0 Fighting
 + Level 2.1 Short Blades
 + Level 2.1 Long Blades
 + Level 2.1 Axes
 + Level 2.1 Maces & Flails
 + Level 2.1 Polearms
 + Level 2.1 Staves
 + Level 8.8 Ranged Weapons
 + Level 2.1 Throwing
 + Level 2.1 Armour
 + Level 5.0 Dodging
 + Level 3.1 Stealth
 + Level 2.1 Shields
 + Level 2.1 Unarmed Combat
 + Level 2.1 Spellcasting
 + Level 1.6 Conjurations
 + Level 1.6 Hexes
 + Level 1.6 Summonings
 + Level 1.6 Necromancy
 + Level 1.6 Translocations
 + Level 1.6 Transmutations
 + Level 1.6 Fire Magic
 + Level 1.6 Ice Magic
 + Level 1.6 Air Magic
 + Level 1.6 Earth Magic
 + Level 1.6 Poison Magic
 + Level 2.3 Invocations
 + Level 2.1 Evocations


You had 9 spell levels left.
You didn't know any spells.
Your spell library was empty.

Dungeon Overview and Level Annotations

Branches:
Dungeon (4/15)
 Temple: D:4-7

Altars:


Innate Abilities, Weirdness & Mutations

You have very sharp teeth.
Your uncanny sense of smell can sniff out nearby items.
Your experience applies equally to all skills.


Message History

You shoot an arrow. The arrow hits the orc warrior!
The orc warrior is moderately wounded.
The orc warrior closely misses you.
You shoot an arrow.
The arrow closely misses the orc warrior.
The orc warrior hits you with a +0 war axe!
The orc warrior attacks as you move away!
The orc warrior completely misses you.
Things that are here:
a +0 dagger; a +0 robe; an orc corpse The orc warrior attacks as you move away!
The orc warrior hits you with a +0 war axe!
The orc warrior attacks as you move away!
The orc warrior closely misses you.
There is a stone staircase leading up here.
The orc warrior hits you with a +0 war axe!
* * * LOW HITPOINT WARNING * * *
You climb upwards.
There is a stone staircase leading down here.
It was a potion of curing.
You feel better. The orc warrior closely misses you.
You shoot an arrow.
The arrow closely misses the orc warrior.
The orc warrior hits you with a +0 war axe!
* * * LOW HITPOINT WARNING * * *
You shoot an arrow. The arrow hits the orc warrior.
The orc warrior is moderately wounded.
The orc warrior closely misses you.
You shoot an arrow.
The arrow hits the orc warrior but does no damage.
The orc warrior is moderately wounded.
The orc warrior closely misses you.
The orc warrior hits you with a +0 war axe.
* * * LOW HITPOINT WARNING * * *
You shoot an arrow. The arrow hits the orc warrior!
The orc warrior is severely wounded.
The orc warrior closely misses you.
You shoot an arrow. The arrow hits the orc warrior.
The orc warrior is almost dead.
The orc warrior hits you with a +0 war axe!
You die...

####### #..# #.#
#.## ######## #..#
#.###.#. .......#
#..# #.#....#
######.# #..#
#.#.###. #.# ###..#
#.#.# ## #.# #[...#
#.#.# # #.#
####.#.## #...# #
#.###### #o......#
##### # #......#
#@##.#..# #
######.####.##.#..#
# #.........)..# #
######.##.##.# #
#.##.##.##########
#.................
##################


You could see an orc warrior.

Vanquished Creatures
  A black bear (D:4)
  A phantom (D:4)
  An orc priest (D:3)
  An orc wizard (D:4)
  3 gnolls (D:2)
  4 adders
  2 dart slugs
  4 orcs
  An endoplasm (D:1)
  A giant cockroach (D:2)
  3 goblins
  4 hobgoblins
  4 jackals
  4 quokkas
  2 ball pythons
  6 bats
  2 frilled lizards
  3 kobolds
  5 rats
52 creatures vanquished.

Notes
Turn   | Place    | Note
-------+----------+-------------------------------------------
     0 | D:1      | maniek23 the Gnoll Hunter began the quest for the Orb.
     0 | D:1      | Reached XP level 1. HP: 20/20 MP: 1/1
   193 | D:1      | Reached XP level 2. HP: 26/26 MP: 2/2
   208 | D:1      | Found a faded altar of an unknown god.
   677 | D:2      | Reached XP level 3. HP: 31/31 MP: 2/4
   688 | D:2      | Reached skill level 1 in Invocations
  1122 | D:2      | Reached skill level 1 in Short Blades
  1122 | D:2      | Reached skill level 1 in Long Blades
  1122 | D:2      | Reached skill level 1 in Axes
  1122 | D:2      | Reached skill level 1 in Maces & Flails
  1122 | D:2      | Reached skill level 1 in Polearms
  1122 | D:2      | Reached skill level 1 in Staves
  1122 | D:2      | Reached skill level 1 in Throwing
  1122 | D:2      | Reached skill level 1 in Armour
  1122 | D:2      | Reached skill level 1 in Shields
  1122 | D:2      | Reached skill level 1 in Unarmed Combat
  1122 | D:2      | Reached skill level 1 in Spellcasting
  1122 | D:2      | Reached skill level 1 in Evocations
  1136 | D:2      | Reached XP level 4. HP: 32/38 MP: 5/5
  1167 | D:2      | Reached skill level 1 in Conjurations
  1167 | D:2      | Reached skill level 1 in Hexes
  1167 | D:2      | Reached skill level 1 in Summonings
  1167 | D:2      | Reached skill level 1 in Necromancy
  1167 | D:2      | Reached skill level 1 in Translocations
  1167 | D:2      | Reached skill level 1 in Transmutations
  1167 | D:2      | Reached skill level 1 in Fire Magic
  1167 | D:2      | Reached skill level 1 in Ice Magic
  1167 | D:2      | Reached skill level 1 in Air Magic
  1167 | D:2      | Reached skill level 1 in Earth Magic
  1167 | D:2      | Reached skill level 1 in Poison Magic
  1838 | D:3      | Reached XP level 5. HP: 30/43 MP: 5/7
  2180 | D:4      | Noticed a phantom
  2191 | D:4      | Killed a phantom
  2231 | D:4      | Noticed a black bear
  2237 | D:4      | Killed a black bear
  2238 | D:4      | Reached skill level 5 in Fighting
  2238 | D:4      | Reached skill level 5 in Dodging
  2238 | D:4      | Reached XP level 6. HP: 51/51 MP: 7/9
  2318 | D:4      | Noticed an orc warrior
  2336 | D:3      | Slain by an orc warrior

Illustrated notes

Levels and vault maps discovered:
D:1:      dpeg_arrival_long_road, layout_loops_ring,
          ebering_ecumenical_altar_rust
D:2:      layout_basic
D:3:      layout_loops_ring
D:4:      layout_rooms, cheibrodos_gnoll_hut, uniq_duvessa

Skill      XL: |  1  2  3  4  5 |
---------------+----------------+-----
Invocations    | 1 2 |  2.3
Short Blades   | 1 2 |  2.1
Long Blades    | 1 2 |  2.1
Axes           | 1 2 |  2.1
Maces & Flails | 1 2 |  2.1
Polearms       | 1 2 |  2.1
Staves         | 1 2 |  2.1
Throwing       | 1 2 |  2.1
Armour         | 1 2 |  2.1
Shields        | 1 2 |  2.1
Unarmed Combat | 1 2 |  2.1
Spellcasting   | 1 2 |  2.1
Evocations     | 1 2 |  2.1
Conjurations   | 1 |  1.6
Hexes          | 1 |  1.6
Summonings     | 1 |  1.6
Necromancy     | 1 |  1.6
Translocations | 1 |  1.6
Transmutations | 1 |  1.6
Fire Magic     | 1 |  1.6
Ice Magic      | 1 |  1.6
Air Magic      | 1 |  1.6
Earth Magic    | 1 |  1.6
Poison Magic   | 1 |  1.6
Stealth        | 3 |  3.1
Fighting       | 5 |  5.0
Dodging        | 5 |  5.0
Ranged Weapons | |  8.8

Action                     |  1- 3 |  4- 6 || total
---------------------------+-------+-------++-------
   Fire: Shortbow          |    58 |    92 ||   150
    Use: Potion            |       |     1 ||     1
 Armour: Leather armour    |    15 |     3 ||    18
  Dodge: Dodged            |    19 |    33 ||    52
